 Dungeon Crawl Stone Soup version 0.23-a0-270-gab6feb3 (webtiles) character file.

1430 b5mith the Fighter (level 8, -24/78 HPs)
             Began as a Minotaur Berserker on Sept 30, 2018.
             Was a Priest of Trog.
             Annihilated by a two-headed ogre
             ... wielding a +0 giant spiked club
              (34 damage)
             ... on level 7 of the Dungeon.
             The game lasted 00:07:52 (3252 turns).

b5mith the Fighter (Minotaur Berserker)             Turns: 3252, Time: 00:07:53

Health: -24/78     AC:  6    Str: 23    XL:     8   Next: 44%
Magic:  7/7        EV: 11    Int:  4    God:    Trog [***...]
Gold:   250        SH:  0    Dex: 11    Spells: 7/7 levels left

rFire    . . .     SeeInvis .   z - +2 long sword (holy)
rCold    . . .     Gourm    +   (no shield)
rNeg     . . .     Faith    .   o - +0 ring mail
rPois    .         Spirit   .   v - +1 hat
rElec    .         Reflect  .   (no cloak)
rCorr    .         Harm     .   (no gloves)
MR       .....                  (no boots)
Stlth    +.........             n - amulet of the gourmand
HPRegen  0.23/turn              (no ring)
MPRegen  0.10/turn              (no ring)

@: no status effects
A: retaliatory headbutt, horns 2
a: Berserk, Trog's Hand, Renounce Religion


You were on level 7 of the Dungeon.
You worshipped Trog.
Trog was most pleased with you.
You were completely stuffed.

You visited 1 branch of the dungeon, and saw 5 of its levels.

You collected 250 gold pieces.

Inventory:

Hand Weapons
 a - a +0 falchion
 z - a +2 long sword of holy wrath (weapon)
   (You found it on level 7 of the Dungeon)
Missiles
 h - 200 stones (quivered)
 j - 7 javelins
 m - 24 sling bullets
 u - 2 throwing nets
 y - 3 tomahawks
Armour
 b - a +0 animal skin
 o - a +0 ring mail (worn)
   (You found it on level 2 of the Dungeon)
 v - a +1 hat (worn)
   (You found it on level 6 of the Dungeon)
Jewellery
 n - an amulet of the gourmand (around neck)
   (You found it on level 3 of the Dungeon)
Scrolls
 d - 2 scrolls of teleportation {unknown}
 f - 2 scrolls of fear {unknown}
 g - a scroll of fog {unknown}
 q - 2 scrolls of enchant armour {unknown}
 r - 3 scrolls of remove curse {unknown}
 s - 4 scrolls of amnesia {unknown}
 t - a scroll of identify {unknown}
 x - a scroll of immolation {unknown}
Potions
 e - 2 potions of lignification {unknown}
 i - 4 potions of agility {unknown}
 k - 2 potions of might {unknown}
 l - 2 potions of invisibility {unknown}
 p - a potion of ambrosia {unknown}
 A - a potion of brilliance {unknown}
Comestibles
 c - 9 rations
 w - 5 chunks of flesh


   Skills:
 + Level 9.6 Fighting
 + Level 9.6 Long Blades
 - Level 2.4 Armour
 - Level 2.1 Dodging


You had 7 spell levels left.
You didn't know any spells.
Your spell library was empty.

Dungeon Overview and Level Annotations

Branches:
Dungeon (7/15)             Temple (0/1) D:7

Altars:
Cheibriados
Fedhas
Gozag
Hepliaklqana
Ru
Uskayaw
Zin

Shops:
D:6 :


Innate Abilities, Weirdness & Mutations

You reflexively headbutt those who attack you in melee.
You have a pair of horns on your head.


Message History

Your +2 long sword of holy wrath softly glows with a divine radiance!
z - a +2 long sword of holy wrath (weapon)
h - 200 stones (gained 17)
A jackal comes into view.
The jackal barks!
Found a stone staircase leading up.
A jackal comes into view.
The jackal barks!
The jackal closely misses you.
You closely miss the jackal.
The jackal bites you but does no damage.
You hit the jackal.
You kill the jackal!
Trog accepts your kill.
The jackal bites you but does no damage.
The jackal barely misses you.
You riposte.
You slash the jackal!
You kill the jackal!
Trog accepts your kill.
Found a stone staircase leading down.
No reachable target in view!
No reachable target in view!
No reachable target in view!
You see here a jackal corpse.
You butcher the jackal corpse.
w - 5 chunks of flesh (gained 3)
You see here a jackal skeleton.
r - 3 scrolls labeled NUCAME IDET (gained 1)
A - a metallic inky potion A two-headed ogre comes into view.
It is wielding a giant spiked club and a You see here a scroll labeled XUYNIB SUZUFEOV.
You slash the two-headed ogre!
The two-headed ogre is lightly wounded.
The two-headed ogre hits you with a giant spiked club!!
The two-headed ogre barely misses you.
You slash the two-headed ogre!
The two-headed ogre is heavily wounded.
The two-headed ogre misses you.
The two-headed ogre hits you with a giant club!
You barely miss the two-headed ogre. You headbutt the two-headed ogre.
The two-headed ogre is heavily wounded.
You barely miss the two-headed ogre. You headbutt the two-headed ogre.
The two-headed ogre is severely wounded.
The two-headed ogre hits you with a giant spiked club!!
* * * LOW HITPOINT WARNING * * *
The two-headed ogre hits you with a giant club!
* * * LOW HITPOINT WARNING * * *
You slash the two-headed ogre!
The two-headed ogre is severely wounded.
The two-headed ogre hits you with a giant spiked club!!
You die...

.....#
#..................
##................
#.................
#......[.$........
#................#
#................#
#.........O....#.#
#.........@......#
#................#
#................#
#...........####.#
### #####.....####
# #.####......####
.........####
.......### #...####


You could see a two-headed ogre.

Vanquished Creatures
  Pikel (D:7)
  A hippogriff (D:7)
  Sigmund (D:2)
  A sky beast (D:6)
  A slave (D:7)
  An ice beast (D:6)
  A centaur (D:6)
  A bullfrog (D:6)
  A howler monkey (D:7)
  2 crimson imps
  An orc priest (D:6)
  A worker ant (D:2)
  A hound skeleton (D:6)
  7 adders
  A howler monkey skeleton (D:6)
  3 oozes
  A worm (D:2)
  2 dart slugs
  3 leopard geckos
  5 orcs
  A ball python (D:1)
  3 giant cockroaches
  8 goblins
  4 hobgoblins
  8 jackals
  A quokka (D:6)
  A ball python zombie (D:6)
  2 bats (D:2)
  3 frilled lizards (D:2)
  A kobold (D:3)
  10 rats
  A plant (D:1)
79 creatures vanquished.

Vanquished Creatures (others)
  A slave (D:7)
1 creature vanquished.

Grand Total: 80 creatures vanquished

Notes
Turn   | Place    | Note
-------+----------+-------------------------------------------
     0 | D:1      | b5mith the Minotaur Berserker began the quest for the Orb.
     0 | D:1      | Reached XP level 1. HP: 19/19 MP: 0/0
   168 | D:1      | Reached XP level 2. HP: 21/27 MP: 1/1
   975 | D:2      | Reached XP level 3. HP: 32/34 MP: 2/2
  1001 | D:2      | Found a snail-covered altar of Cheibriados.
  1036 | D:2      | Noticed Sigmund
  1048 | D:2      | Killed Sigmund
  1048 | D:2      | Reached skill level 5 in Fighting
  1048 | D:2      | Reached skill level 5 in Long Blades
  1048 | D:2      | Reached XP level 4. HP: 20/44 MP: 3/3
  1048 | D:2      | Reached XP level 5. HP: 22/50 MP: 4/4
  1148 | D:2      | Reached ** piety under Trog
  1405 | D:2      | Found a hazy altar of Hepliaklqana.
  1495 | D:2      | Found a sacrificial altar of Ru.
  1519 | D:2      | Reached XP level 6. HP: 47/57 MP: 5/5
  1887 | D:3      | Found a glowing silver altar of Zin.
  1897 | D:3      | Found an opulent altar of Gozag.
  1969 | D:3      | You fall through a shaft for 3 floors!
  1973 | D:6      | Noticed a sky beast
  1984 | D:6      | Killed a sky beast
  2263 | D:6      | Reached XP level 7. HP: 63/66 MP: 6/6
  2411 | D:6      | Found Wugod's Book Shop.
  2564 | D:6      | Found a blossoming altar of Fedhas.
  2712 | D:7      | Noticed Pikel
  2727 | D:7      | Killed Pikel
  2727 | D:7      | Reached XP level 8. HP: 16/78 MP: 7/7
  3064 | D:7      | Noticed a hippogriff
  3074 | D:7      | Killed a hippogriff
  3074 | D:7      | Reached *** piety under Trog
  3181 | D:7      | Found a staircase to the Ecumenical Temple.
  3189 | D:7      | Found a hide-covered altar of Uskayaw.
  3197 | D:7      | Noticed a hand axe
  3198 | D:7      | Noticed a dagger
  3242 | D:7      | Noticed a two-headed ogre
  3252 | D:7      | Annihilated by a two-headed ogre

Vault maps used:
D:1:      onia_arrival_mini_maze_b
D:2:      overflow_temple_1_default, overflow_temple_1_default,
          corexii_leaking_fountain, lemuel_statue_altar, uniq_sigmund
D:3:      grunt_temple_overflow_gold_and_silver, uniq_ijyb,
          uniq_crazy_yiuf_cottage
D:6:      lemuel_round_altar, serial_shops, nicolae_shop_stone,
          minmay_misc_feat_columns
D:7:      lemuel_round_altar, dancing_weapons_uskayaw,
          minmay_temple_entry_purple_smoke, basic_altar, uniq_duvessa,
          uniq_prince_ribbit1, uniq_pikel

Skill      XL: |  1  2  3  4  5  6  7 |
---------------+----------------------+-----
Fighting       | 4 5 6 7 9 |  9.6
Long Blades    | 4 5 6 7 9 |  9.6
Armour         | |  2.4
Dodging        | |  2.1

Action                   |  1- 3 |  4- 6 |  7- 9 || total
-------------------------+-------+-------+-------++-------
Melee: Falchion          |    71 |    76 |    57 ||   204
       Headbutt          |    14 |     9 |    18 ||    41
       Long sword        |       |       |     7 ||     7
Invok: Berserk           |       |     1 |     1 ||     2
 Stab: Sleeping          |     1 |       |       ||     1
  Eat: Chunk             |       |    17 |    10 ||    27
Armor: Animal skin       |     4 |     1 |       ||     5
       Ring mail         |       |    15 |    18 ||    33
Dodge: Dodged            |    25 |    46 |    48 ||   119
       Rpst.: Falchion   |     2 |     8 |    16 ||    26
       Long sword        |       |       |     1 ||     1

Table legend:
 A = Non-vault XP
 B = Vault XP
 C = Vault XP percentage of total XP
 D = Non-vault monster count
 E = Vault monster count
 F = Vault count percentage of total count
                 A         B        C        D         E       F
            +---------+---------+-------+---------+---------+-------
      Total |    1187 |     856 |  41.9 |      75 |       2 |   2.6
            +---------+---------+-------+---------+---------+-------
        D:1 |      30 |       0 |   0.0 |      12 |       0 |   0.0
        D:2 |     150 |     227 |  60.2 |      34 |       1 |   2.9
        D:3 |      25 |       0 |   0.0 |       7 |       0 |   0.0
        D:6 |     611 |       0 |   0.0 |      14 |       0 |   0.0
        D:7 |     371 |     629 |  62.9 |       8 |       1 |  11.1
            +---------+---------+-------+---------+---------+-------
